 Dungeon Crawl Stone Soup version 0.30-a0-956-gcec3b41aec (webtiles) character file.

Game seed: 4361534328031825200

4 Newt the Shooter (level 1, 0/13 HPs)
             Began as a Kobold Hunter on Mar 29, 2023.
             Frozen to death by an endoplasm (3 damage)
             ... on level 1 of the Dungeon.
             The game lasted 00:00:06 (75 turns).

Newt the Shooter (Kobold Hunter)                      Turns: 75, Time: 00:00:07

Health: 0/13       AC:  3    Str:  8    XL:     1   Next: 77%
Magic:  1/1        EV: 14    Int: 10    God:
Gold:   9          SH:  0    Dex: 18    Spells: 0/0 levels left

rFire   . . .      SeeInvis .    a - +0 shortbow
rCold   . . .      Faith    .    (shield currently unavailable)
rNeg    . . .      Spirit   .    c - +0 leather armour
rPois   .          Reflect  .    (no helmet)
rElec   .          Rampage  .    (no cloak)
rCorr   .                        (no gloves)
Will    .....                    (no boots)
Stlth   +++                      (no amulet)
HPRegen 0.22/turn                (no ring)
MPRegen 0.07/turn                (no ring)

@: no status effects
A: small, no large weapons, nightstalker 3
a: no special abilities


You were on level 1 of the Dungeon.
You visited 1 branch of the dungeon, and saw 1 of its levels.

You collected 9 gold pieces.

Inventory:

Hand Weapons
 a - a +0 shortbow (weapon)
Armour
 c - a +0 leather armour (worn)
Scrolls
 b - a scroll of immolation
 d - a scroll of amnesia {unknown}
Potions
 e - a potion of heal wounds {unknown}


   Skills:
 + Level 2.7 Fighting
 - Level 5.3 Ranged Weapons
 - Level 2.4 Dodging
 - Level 1.3 Stealth


You couldn't memorise any spells.
You didn't know any spells.
Your spell library was empty.

Dungeon Overview and Level Annotations

Branches:
Dungeon (1/15)

Altars:


Innate Abilities, Weirdness & Mutations

You are small and have problems with some larger weapons.
You are completely attuned to the shadows.


Message History

You shoot an arrow. The arrow closely misses the jackal.
The jackal closely misses you. The jackal barely misses you.
An endoplasm comes into view.
You shoot an arrow. The endoplasm quivers.
The arrow hits the jackal!
You kill the jackal!
The jackal misses you.
The jackal bites you but does no damage.
You shoot an arrow. The arrow closely misses the kobold.
The jackal misses you. The jackal barely misses you.
The kobold hits you with a +0 short sword.
You shoot an arrow. The arrow hits the kobold.
The kobold is severely wounded.
The jackal barely misses you. The kobold misses you. The jackal misses you.
You shoot an arrow.
The arrow hits the kobold but does no damage.
The kobold is severely wounded.
The jackal bites you. The endoplasm barely misses you.
The kobold completely misses you. The jackal misses you.
You shoot an arrow. The arrow barely misses the kobold.
The endoplasm freezes you.
You are frozen.
The kobold barely misses you. The jackal bites you.
The endoplasm closely misses you. The kobold hits you but does no damage.
The jackal bites you.
* * * LOW HITPOINT WARNING * * *
You are too injured to fight recklessly!
You are too injured to fight recklessly!
You are too injured to fight recklessly!
You are too injured to fight recklessly!
There are monsters nearby!
There are monsters nearby!
You are too injured to fight recklessly!
Unknown command.
You shoot an arrow. The arrow hits the kobold!
You kill the kobold!
The jackal bites you but does no damage.
The endoplasm freezes you.
You are frozen.
You die...

##...# ♣⌠♣ #...#.
.....♣♣♣♣♣.♣♣♣♣♣.....
##......⌠.<.⌠.......#
#...♣♣♣♣♣.♣♣♣♣♣....#
.###...# ♣⌠♣ #.....
.......##♣♣♣.♣♣♣##.....
......................#
................J...
.....#.#.####..@)...
.....#....#.....h...
.....##.........#.†.
.....##....).#.##...
.....##.#......# ..
##.#....#......#
...........#...
†.....#.....
........#..#


You could see an endoplasm and a jackal.

Vanquished Creatures
  A ball python (D:1)
  2 jackals (D:1)
  A kobold (D:1)
  A rat (D:1)
5 creatures vanquished.

Notes
Turn   | Place    | Note
-------+----------+-------------------------------------------
     0 | D:1      | Newt the Kobold Hunter began the quest for the Orb.
     0 | D:1      | Reached XP level 1. HP: 12/12 MP: 1/1
    75 | D:1      | Frozen to death by an endoplasm

Illustrated notes

Levels and vault maps discovered:
D:1:      scummos_arrival_forest, layout_rooms, grunt_decor_one_mirror

Action                     || total
---------------------------++-------
   Fire: Shortbow          ||    17
 Armour: Leather armour    ||     8
  Dodge: Dodged            ||    24

Table legend: (Time is in decaauts)
 A = Elapsed time spent in this place.
 B = Non-inter-level travel time spent in this place.
 C = Inter-level travel time spent in this place.
 D = Time resting spent in this place.
 E = Time spent auto-exploring this place.
 F = Levels seen in this place.
 G = Mean time per level.
                   A        B        C        D        E       F      G
               +--------+--------+--------+--------+--------+-----+--------+
         Total |     80 |     80 |      0 |      0 |     51 |   1 |   80.0 |
       Dungeon |     80 |     80 |      0 |      0 |     51 |   1 |   80.0 |
               +--------+--------+--------+--------+--------+-----+--------+

Top non-repeatable levels by time:
     D:1: 80 daAuts
